 Dungeon Crawl Stone Soup version 0.25-a0-55-g0753fd1ad2 (webtiles) character file.

Game seed: 1334292383322908233, levelgen mode: deterministic

12863 GordonOverkill the Cleaver (level 11, -25/63 (64) HPs)
             Began as a Deep Elf Berserker on Oct 25, 2019.
             Was an Elder of Trog.
             Engulfed by an ice statue's freezing vapour (39 damage)
             ... in an ice cave.
             The game lasted 00:28:12 (13697 turns).

GordonOverkill the Cleaver (Deep Elf Berserker)    Turns: 13697, Time: 00:28:13

HP:   -25/63 (64)   AC: 16    Str: 17    XL:     11   Next: 68%
MP:   13/13         EV: 11    Int: 13    God:    Trog [****..]
Gold: 887           SH:  5    Dex: 14    Spells: 10/10 levels left

rFire    . . .     SeeInvis .   r - +1 war axe
rCold    . . .     Gourm    .   F - +0 buckler
rNeg     + + .     Faith    .   x - +5 ring mail "Lueggan" {rN+}
rPois    .         Spirit   .   (no helmet)
rElec    .         Reflect  .   E - +2 cloak
rCorr    .         Harm     .   p - +2 pair of gloves
MR       ++...                  (no boots)
Stlth    +.........             I - amulet of regeneration
HPRegen  0.60/turn              m - ring of positive energy
MPRegen  0.13/turn              A - ring of protection from magic

@: berserk cooldown, slowed, very slow
A: no striking features
a: Berserk, Trog's Hand, Brothers in Arms, Renounce Religion


You were in an ice cave.
You worshipped Trog.
Trog was greatly pleased with you.
You were near starving.

You visited 2 branches of the dungeon, and saw 12 of its levels.
You also visited: Ossuary, Bailey and Ice Cave.

You collected 887 gold pieces.

Inventory:

Hand Weapons
 r - a +1 war axe (weapon)
 t - a +0 scimitar of flaming
Missiles
 i - 8 silver javelins (quivered)
 s - 2 boomerangs of dispersal
Armour
 j - a scarf of cloud immunity
 p - a +2 pair of gloves (worn)
 x - the +5 ring mail "Lueggan" (worn) {rN+}
   (You took it off an orc on level 6 of the Dungeon)

   It protects you from negative energy.
 E - a +2 cloak (worn)
 F - a +0 buckler (worn)
Jewellery
 m - a ring of positive energy (left hand)
 A - a ring of protection from magic (right hand)
 I - an amulet of regeneration (around neck)
 O - an uncursed ring of flight
Wands
 k - a wand of disintegration (12)
 y - a wand of paralysis (8)
 D - a wand of acid (13)
 H - a wand of iceblast (8)
Scrolls
 a - 5 scrolls of fog
 e - 2 scrolls of remove curse
 o - 4 scrolls of teleportation
 v - a scroll of magic mapping
 C - 2 scrolls of enchant weapon
 G - 7 scrolls of enchant armour
 J - 2 scrolls of summoning
Potions
 b - 3 potions of berserk rage
 d - a potion of agility
 f - 2 potions of brilliance
 g - 8 potions of curing
 h - 2 potions of magic
 l - 3 potions of invisibility
 n - 8 potions of heal wounds
 u - 4 potions of cancellation
 w - 2 potions of flight
 z - 8 potions of might
 B - a potion of lignification
 K - a potion of mutation
 N - a potion of haste
Comestibles
 c - 11 rations
 q - 7 chunks of flesh


   Skills:
 - Level 6.0 Fighting
 * Level 13.9 Axes
 - Level 1.5 Armour
 - Level 2.4 Dodging
 - Level 4.0 Shields


You had 10 spell levels left.
You didn't know any spells.
Your spell library was empty.

Dungeon Overview and Level Annotations

Branches:
Dungeon (11/15)            Temple (0/1) D:6            Lair (1/6) D:10
    Orc (0/2) D:9         Ossuary (visited)          Bailey (visited)
  IceCv (1/1)

Altars:
Dithmenos
Hepliaklqana
Kikubaaqudgha
Nemelex Xobeh
Ru
Wu Jian
Xom
Yredelemnul
Zin
The Shining One

Shops:
D:7 %   D:8 (

Annotations:
D:11 3 runed translucent doors, lis82's ghost, journeyman DgFE IceCv 1 transporter, exclusion: 2 ice statues


Message History

The ice statue gestures at you. The freezing blast engulfs you!
You see here an ugly thing corpse.
You are too berserk!
Unknown command.
Unknown command.
Unknown command.
Unknown command.
You are engulfed in freezing vapours.
* * * LOW HITPOINT WARNING * * *
Your ogre is engulfed in freezing vapours.
You feel your anger nearly subside.
You are no longer berserk.
You are exhausted.
You feel yourself slow down. The ice statue gestures at you.
The freezing blast engulfs you.
* * * LOW HITPOINT WARNING * * *
You are engulfed in freezing vapours.
Ouch! That really hurt!
You die...

####
####...###
##........#
##..........
##§○§..○.....
#☼@§○☼○.8..8.
#.☼☼☼Y○...).?
#§§☼○○☼Y.".)©
#..§○○☼☼..?.$
#....○.O8..8.
##...........
##..........
##........#
####...###


You could see 2 ice statues, 2 ice beasts and a friendly ogre (berserk).

Vanquished Creatures
  A hydra (D:11)
  A death knight (D:6)
  A two-headed ogre (D:10)
  An unseen horror (D:11)
  2 ugly things (IceCv)
  2 rime drakes (Lair:1)
  An efreet (D:9)
  Sigmund (D:6)
  A vampire (D:6)
  A wyvern (D:9)
  3 hungry ghosts
  Menkaure (D:7)
  Edmund (D:6)
  3 soldier ants
  15 orc warriors
  Purgy (D:3)
  A hornet zombie (D:9)
  5 ice beasts
  4 sky beasts
  2 black bears
  3 ogres
  A necrophage (D:6)
  A phantom (D:4)
  A crocodile (Lair:1)
  A centaur (D:9)
  3 big kobolds
  3 bullfrogs
  A gnoll sergeant (D:7)
  3 water moccasin zombies (Ossuary)
  3 scorpions
  4 killer bees (D:9)
  A bullfrog zombie (D:6)
  2 centaur zombies
  4 crimson imps
  3 quasits
  5 hounds
  5 orc priests
  3 jellies
  4 bullfrog skeletons
  3 iguanas
  12 orc wizards
  7 worker ants
  A killer bee zombie (D:9)
  3 big kobold zombies (Ossuary)
  A hound skeleton (D:4)
  2 mummies (Ossuary)
  2 worker ant zombies
  7 gnolls
  10 adders
  2 shadow imps
  An ooze (D:3)
  5 adder zombies (Ossuary)
  An adder skeleton (D:7)
  6 worms
  3 dart slugs
  3 leopard geckos
  72 orcs
  2 ball pythons
  2 bat zombies (D:4)
  7 giant cockroaches
  2 gnoll zombies (Ossuary)
  12 goblins
  9 hobgoblins
  5 jackals (D:4)
  4 quokkas
  5 bats
  10 frilled lizards
  2 goblin skeletons (D:5)
  A goblin zombie (D:5)
  7 hobgoblin zombies
  19 kobolds
  A kobold skeleton (D:5)
  3 kobold zombies (Ossuary)
  7 orc zombies (Ossuary)
  5 rats
  A rat zombie (D:4)
344 creatures vanquished.

Vanquished Creatures (collateral kills)
  A two-headed ogre (D:8)
  2 orc knights (Bailey)
  Eustachio (D:6)
  3 orc warriors (Bailey)
  3 ice beasts (IceCv)
  An ogre (D:6)
  A centaur (D:7)
  A howler monkey zombie (D:7)
  An orc (Bailey)
14 creatures vanquished.

Grand Total: 358 creatures vanquished

Notes
Turn   | Place    | Note
-------+----------+-------------------------------------------
     0 | D:1      | GordonOverkill the Deep Elf Berserker began the quest for
                  | the Orb.
     0 | D:1      | Reached XP level 1. HP: 13/13 MP: 3/3
   270 | D:1      | Reached XP level 2. HP: 18/18 MP: 4/4
   293 | D:1      | Reached skill level 3 in Axes
   757 | D:2      | Reached XP level 3. HP: 22/22 MP: 5/5
  1274 | D:2      | Reached ** piety under Trog
  1776 | D:2      | Found an ornate altar of the Wu Jian Council.
  1779 | D:2      | Found a shimmering altar of Xom.
  1786 | D:2      | Found a basalt altar of Yredelemnul.
  1786 | D:2      | Found a glowing silver altar of Zin.
  1791 | D:2      | Found a sacrificial altar of Ru.
  1870 | D:2      | Found a sparkling altar of Nemelex Xobeh.
  1877 | D:2      | Found a shadowy altar of Dithmenos.
  2063 | D:3      | Reached skill level 4 in Axes
  2067 | D:3      | Reached XP level 4. HP: 27/27 MP: 6/6
  2643 | D:3      | Reached XP level 5. HP: 31/31 MP: 7/7
  2811 | D:3      | Reached skill level 5 in Axes
  3037 | D:3      | Noticed Purgy
  3051 | D:3      | Killed Purgy
  3051 | D:3      | Reached XP level 6. HP: 36/36 MP: 8/8
  3355 | D:3      | Reached skill level 6 in Axes
  3512 | D:4      | Reached *** piety under Trog
  3620 | D:4      | Reached XP level 7. HP: 32/40 MP: 9/9
  3781 | D:4      | Reached skill level 7 in Axes
  4505 | D:4      | Found an ancient bone altar of Kikubaaqudgha.
  4644 | D:5      | Entered Level 5 of the Dungeon
  4903 | D:5      | Found a glowing golden altar of the Shining One.
  4931 | D:5      | Reached skill level 8 in Axes
  5042 | D:5      | Found a sand-covered staircase.
  5046 | Ossuary  | Entered an ossuary
  5148 | Ossuary  | Reached **** piety under Trog
  5155 | Ossuary  | Reached XP level 8. HP: 35/45 MP: 10/10
  6143 | D:6      | HP: 1/45 [something (5)]
  6148 | D:6      | Received a gift from Trog
  6148 | D:6      | Reached skill level 9 in Axes
  6191 | D:6      | Identified the +5 ring mail "Lueggan" {rN+}
  6375 | D:6      | Noticed Edmund
  6392 | D:6      | Killed Edmund
  6493 | D:6      | Noticed Eustachio
  6504 | D:6      | Reached skill level 10 in Axes
  6756 | D:6      | Killed Eustachio
  6766 | D:6      | Reached XP level 9. HP: 45/49 MP: 11/11
  6816 | D:6      | Noticed Sigmund
  6821 | D:6      | Killed Sigmund
  7031 | D:6      | Found a staircase to the Ecumenical Temple.
  7084 | D:6      | Noticed a death knight
  7121 | D:6      | Killed a death knight
  7121 | D:6      | Reached skill level 11 in Axes
  7828 | D:7      | Found Ginoinoxa's Food Shop.
  8444 | D:7      | Noticed Menkaure
  8450 | D:7      | Killed Menkaure
  8775 | D:8      | Found a hazy altar of Hepliaklqana.
  8786 | D:8      | Reached skill level 1 in Shields
  8786 | D:8      | Reached XP level 10. HP: 55/55 MP: 12/12
  8787 | D:8      | Received a gift from Trog
  8935 | D:8      | Reached skill level 12 in Axes
  9344 | D:8      | Noticed a two-headed ogre
  9354 | D:8      | Killed a two-headed ogre
  9473 | D:8      | Found Zicy's Antique Weapon Shop.
 10315 | D:9      | Reached ***** piety under Trog
 10423 | D:9      | Found a staircase to the Orcish Mines.
 10943 | D:10     | Entered Level 10 of the Dungeon
 10945 | D:10     | Found a staircase to the Lair.
 11113 | D:10     | Noticed a two-headed ogre
 11121 | D:10     | Killed a two-headed ogre
 11388 | D:10     | Reached skill level 5 in Fighting
 11428 | D:10     | Reached XP level 11. HP: 62/62 MP: 13/13
 11774 | D:11     | Found a runed translucent gate.
 11774 | D:11     | Found a runed translucent gate.
 11775 | D:11     | Found a runed translucent gate.
 11775 | D:11     | Noticed a deep troll
 11777 | D:11     | Noticed a green ugly thing
 11777 | D:11     | Noticed lis82's ghost (journeyman DgFE)
 11777 | D:11     | Noticed a white ugly thing
 11777 | D:11     | Noticed an ettin
 12103 | D:11     | Found a flagged portal.
 12122 | Bailey   | Entered a bailey
 12145 | Bailey   | Reached skill level 13 in Axes
 12255 | Bailey   | Received a gift from Trog
 12612 | Bailey   | Noticed an orc knight
 12612 | Bailey   | Noticed an orc knight
 12629 | Bailey   | Killed an orc knight
 12633 | Bailey   | Killed an orc knight
 12832 | D:11     | Killed an unseen horror
 12966 | D:11     | Noticed a four-headed hydra
 12978 | D:11     | Killed a one-headed hydra
 13524 | Lair:1   | Entered Level 1 of the Lair of Beasts
 13575 | Lair:1   | Found a frozen archway.
 13620 | IceCv    | Entered an ice cave
 13620 | IceCv    | Noticed a white ugly thing
 13630 | IceCv    | Killed a white ugly thing
 13638 | IceCv    | Found a transporter.
 13681 | IceCv    | Noticed a white ugly thing
 13687 | IceCv    | Killed a white ugly thing
 13693 | IceCv    | Found a transporter.
 13697 | IceCv    | Engulfed by an ice statue's freezing vapour

Levels and vault maps discovered:
D:1:      minmay_arrival_cross, layout_basic
D:2:      layout_loops_ring, amethyst_overflow_temple_binary, minitemple,
          minmay_lizard_king
D:3:      layout_loops_ring, first_ration, uniq_purgy
D:4:      layout_rooms, lemuel_zombie_altar_kikubaaqudgha
D:5:      layout_basic, enter_ossuary_5, nicolae_tso_besieged_by_evil
D:6:      kennysheep_big_flooded_room, layout_basic,
          minmay_temple_entry_overgrown, uniq_eustachio, uniq_sigmund,
          uniq_edmund
D:7:      layout_basic, serial_shops, kennysheep_little_box, uniq_menkaure
D:8:      layout_cave_pods, overflow_temple_1_default, serial_shops, shop
D:9:      layout_stronghold, orc_0_dummy, hangedman_pestilent_swarm
D:10:     layout_stronghold, lair_entry_dummy
D:11:     layout_gridville, gammafunk_ghost_split, enter_bailey_3,
          minmay_misc_feat_rows
Lair:1:   layout_chaotic_city, portal_ice_cave_rime,
          gammafunk_ghost_wrathful_warriors, infiniplex_staircase_pool_2,
          lemuel_fruit_tree, serial_bayou_shore_a, serial_bayou_shore_b
IceCv:    ice_cave_statue_garden_transporter

Table legend:
 A = Non-vault XP
 B = Vault XP
 C = Vault XP percentage of total XP
 D = Non-vault monster count
 E = Vault monster count
 F = Vault count percentage of total count
                 A         B        C        D         E       F
            +---------+---------+-------+---------+---------+-------
      Total |   11375 |    7002 |  38.1 |     245 |     113 |  31.6
            +---------+---------+-------+---------+---------+-------
        D:1 |      20 |       0 |   0.0 |      14 |       0 |   0.0
        D:2 |      51 |      10 |  16.4 |      17 |       8 |  32.0
        D:3 |     340 |     134 |  28.3 |      29 |       1 |   3.3
        D:4 |     538 |       5 |   0.9 |      23 |       3 |  11.5
        D:5 |     296 |      50 |  14.5 |      10 |       6 |  37.5
        D:6 |    1334 |    1372 |  50.7 |      25 |       5 |  16.7
        D:7 |     628 |     172 |  21.5 |      15 |       1 |   6.2
        D:8 |    2238 |       0 |   0.0 |      41 |       0 |   0.0
        D:9 |    1777 |     318 |  15.2 |      27 |       4 |  12.9
       D:10 |    1498 |       0 |   0.0 |      23 |       0 |   0.0
       D:11 |    2544 |       7 |   0.3 |      20 |       4 |  16.7
     Lair:1 |     111 |     730 |  86.8 |       1 |       2 |  66.7
    Ossuary |       0 |     385 | 100.0 |       0 |      31 | 100.0
     Bailey |       0 |    2507 | 100.0 |       0 |      40 | 100.0
      IceCv |       0 |    1312 | 100.0 |       0 |       8 | 100.0
            +---------+---------+-------+---------+---------+-------
